EVO
UNIVERSITY OF MICHIGAN WOLVERINES @ OKLAHOMA STATE UNIVERSITY COWBOYS
07/29/2049
 
TOP OF THE 1ST
University of Michigan Wolverines batting - Pitching for Oklahoma State University Cowboys : LHP Zach Richards
Pitching: LHP Zach Richards
Batting: RHB Gerard Gordijn 0-0: Ball
1-0: Ground out 6-3 (Groundball, 4MS, EV 83.8 MPH)
Batting: RHB Wendell Sarkies 0-0: Ball
1-0: Swinging Strike
1-1: Ball
2-1: Foul Ball, location: 2F
2-2: Ball
3-2: Foul Ball, location: 2F
3-2: Strikes out swinging
Batting: RHB Walter Fisher 0-0: Ground out 4-3 (Groundball, 4S, EV 91.9 MPH)
Top of the 1st over - 0 runs, 0 hits, 0 errors, 0 left on base; University of Michigan 0 - Oklahoma State University 0
BOTTOM OF THE 1ST
Oklahoma State University Cowboys batting - Pitching for University of Michigan Wolverines : RHP Adam Timmons
Pitching: RHP Adam Timmons
Batting: RHB Frederik Koster 0-0: Ball
1-0: Foul Ball, location: 2F
1-1: Fly out, F7 (Flyball, 78S, EV 86.9 MPH)
Batting: LHB Dwayne Roche 0-0: Called Strike
0-1: Ball
1-1: Foul Ball, location: 2F
1-2: Ground out 4-3 (Groundball, 4, EV 86.9 MPH)
Batting: LHB Cory Rohr 0-0: Ball
1-0: Foul Ball, location: 2F
1-1: Swinging Strike
1-2: Strikes out swinging
Bottom of the 1st over - 0 runs, 0 hits, 0 errors, 0 left on base; University of Michigan 0 - Oklahoma State University 0
TOP OF THE 2ND
University of Michigan Wolverines batting - Pitching for Oklahoma State University Cowboys : LHP Zach Richards
Batting: RHB Mike Harden 0-0: DOUBLE (Flyball, 9LD, EV 111.9 MPH)
Batting: RHB Remie Braakman 0-0: Ball
1-0: Ball
2-0: Fly out, F1 (Line Drive, P, EV 65.6 MPH)
Batting: RHB Allan Dunn 0-0: Fly out, F8 (Line Drive, 8LM, EV 88.8 MPH)
Batting: RHB Cesar Rubio 0-0: Swinging Strike
0-1: Ground out 5-3 (Groundball, 56, EV 78.8 MPH)
Top of the 2nd over - 0 runs, 1 hit, 0 errors, 1 left on base; University of Michigan 0 - Oklahoma State University 0
BOTTOM OF THE 2ND
Oklahoma State University Cowboys batting - Pitching for University of Michigan Wolverines : RHP Adam Timmons
Batting: RHB Magnus Laursen 0-0: Foul Ball, location: 2F
0-1: Foul Ball, location: 2F
0-2: Foul Ball, location: 2F
0-2: SINGLE (Groundball, P, EV 85.6 MPH) (infield hit)
Batting: LHB Steve Kimbler 0-0: Ball
1-0: Foul Ball, location: 2F
1-1: SINGLE (Groundball, 6D, EV 103.8 MPH)
Magnus Laursen to second
Batting: RHB Rory Cardosi 0-0: Ball
1-0: Called Strike
1-1: Called Strike
1-2: Ball
2-2: Foul Ball, location: 2F
2-2: Foul Ball, location: 2F
2-2: SINGLE (Line Drive, 7S, EV 86.9 MPH)
Magnus Laursen to third
Steve Kimbler to second
Runner from 3rd tries for Home, SAFE, throw by LF to home
Batting: RHB Jose Lopez 0-0: Ball
1-0: Called Strike
1-1: Called Strike
1-2: Fly out, F7 (Flyball, 78M, EV 93.8 MPH)
Batting: RHB Julio Marquez 0-0: Ball
1-0: Ball
2-0: Called Strike
2-1: Foul Ball, location: 2F
2-2: Ball
3-2: Fly out, F9 (Flyball, 89S, EV 93.1 MPH)
Batting: RHB Ted Currell 0-0: Fly out, F8 (Flyball, 8LM, EV 89.4 MPH)
Bottom of the 2nd over - 1 run, 3 hits, 0 errors, 2 left on base; University of Michigan 0 - Oklahoma State University 1
TOP OF THE 3RD
University of Michigan Wolverines batting - Pitching for Oklahoma State University Cowboys : LHP Zach Richards
Batting: LHB Murdock Cranton 0-0: Ground out 5-3 (Groundball, 56, EV 103.8 MPH)
Batting: SHB Elvis Hoying 0-0: Foul Ball, location: 2F
0-1: SINGLE (Line Drive, 6MD, EV 105.6 MPH)
Batting: RHB Gerard Gordijn 0-0: Called Strike
0-1: Ball
Wild Pitch!
Elvis Hoying to second
1-1: Called Strike
1-2: Ball
2-2: Strikes out looking
Batting: RHB Wendell Sarkies 0-0: Called Strike
0-1: Fly out, F3 (Popup, 34, EV 66.2 MPH)
Top of the 3rd over - 0 runs, 1 hit, 0 errors, 1 left on base; University of Michigan 0 - Oklahoma State University 1
BOTTOM OF THE 3RD
Oklahoma State University Cowboys batting - Pitching for University of Michigan Wolverines : RHP Adam Timmons
Batting: RHB Frederik Koster 0-0: Called Strike
0-1: Ball
1-1: Swinging Strike
1-2: Foul Ball, location: 2F
1-2: Ball
2-2: Ground out 5-3 (Groundball, 56, EV 101.9 MPH)
Batting: LHB Dwayne Roche 0-0: Ball
1-0: Called Strike
1-1: Ball
2-1: Foul Ball, location: 2F
2-2: Ball
3-2: Ground out U3 (Groundball, 3, EV 77.5 MPH)
Batting: LHB Cory Rohr 0-0: Ground out 6-3 (Groundball, 6, EV 90.6 MPH)
Bottom of the 3rd over - 0 runs, 0 hits, 0 errors, 0 left on base; University of Michigan 0 - Oklahoma State University 1
TOP OF THE 4TH
University of Michigan Wolverines batting - Pitching for Oklahoma State University Cowboys : LHP Zach Richards
Batting: RHB Walter Fisher 0-0: Ball
1-0: Ball
2-0: Ground out 6-3 (Groundball, 6, EV 85.6 MPH)
Batting: RHB Mike Harden 0-0: Swinging Strike
0-1: Ball
1-1: Foul Ball, location: 2F
1-2: Reached on error, E9 (Flyball, 9S, EV 91.2 MPH)
Batting: RHB Remie Braakman 0-0: Called Strike
0-1: Ball
1-1: Foul Ball, location: 2F
1-2: Foul Ball, location: 2F
1-2: Fielders Choice at 2nd, 4-6 (Groundball, 4, EV 84.4 MPH)
Batting: RHB Allan Dunn 0-0: Foul Ball, location: 2F
0-1: Swinging Strike
0-2: Ball
1-2: Ball
2-2: Foul Ball, location: 2F
2-2: Strikes out swinging
Top of the 4th over - 0 runs, 0 hits, 1 error, 1 left on base; University of Michigan 0 - Oklahoma State University 1
BOTTOM OF THE 4TH
Oklahoma State University Cowboys batting - Pitching for University of Michigan Wolverines : RHP Adam Timmons
Batting: RHB Magnus Laursen 0-0: Ball
1-0: Ball
2-0: Ball
3-0: Called Strike
3-1: Called Strike
3-2: Foul Ball, location: 2F
3-2: Fly out, F7 (Flyball, 7, EV 94.4 MPH)
Batting: LHB Steve Kimbler 0-0: Foul Ball, location: 2F
0-1: Fly out, F8 (Flyball, 89D, EV 80.0 MPH)
Batting: RHB Rory Cardosi 0-0: Fly out, F8 (Flyball, 8LM, EV 73.1 MPH)
Bottom of the 4th over - 0 runs, 0 hits, 0 errors, 0 left on base; University of Michigan 0 - Oklahoma State University 1
TOP OF THE 5TH
University of Michigan Wolverines batting - Pitching for Oklahoma State University Cowboys : LHP Zach Richards
Pitching: RHP Santiago Lopez
Now at C: Adam Stalder
Now at 2B: Bill Tremblett
Now at 3B: Jarrod Lind
Now in LF: Jon Guzman
Batting: RHB Cesar Rubio 0-0: Ground out 6-3 (Groundball, 6, EV 106.9 MPH)
Batting: LHB Murdock Cranton 0-0: Ball
1-0: Foul Ball, location: 2F
1-1: Ball
2-1: Foul Ball, location: 2F
2-2: Ball
3-2: Foul Ball, location: 2F
3-2: Base on Balls
Batting: SHB Elvis Hoying 0-0: Fly out, F7 (Line Drive, 78M, EV 101.2 MPH)
Batting: RHB Gerard Gordijn 0-0: Ground out 1-3 (Groundball, P, EV 67.5 MPH)
Top of the 5th over - 0 runs, 0 hits, 0 errors, 1 left on base; University of Michigan 0 - Oklahoma State University 1
BOTTOM OF THE 5TH
Oklahoma State University Cowboys batting - Pitching for University of Michigan Wolverines : RHP Adam Timmons
Now in RF: Lance Sabo
Batting: RHB Jose Lopez 0-0: Ball
1-0: Foul Ball, location: 2F
1-1: Fly out, F9 (Flyball, 89S, EV 88.8 MPH)
Batting: RHB Julio Marquez 0-0: Ball
1-0: Ground out 4-3 (Groundball, 4S, EV 91.9 MPH)
Batting: RHB Ted Currell 0-0: Swinging Strike
0-1: Foul Ball, location: 2F
0-2: Ball
1-2: Strikes out looking
Bottom of the 5th over - 0 runs, 0 hits, 0 errors, 0 left on base; University of Michigan 0 - Oklahoma State University 1
TOP OF THE 6TH
University of Michigan Wolverines batting - Pitching for Oklahoma State University Cowboys : RHP Santiago Lopez
Now at 1B: Arabello Demesa
Batting: LHB Lance Sabo 0-0: Ball
1-0: Ball
2-0: Ball
3-0: Called Strike
3-1: Base on Balls
Pinch Hitting: LHB Dakota Kaempf 0-0: Ball
1-0: Called Strike
1-1: Ball
2-1: Swinging Strike
2-2: Strikes out swinging
Batting: SHB Phillip Blake 0-0: Ball
Wild Pitch!
Lance Sabo to second
1-0: Foul Ball, location: 2F
1-1: Foul Ball, location: 2F
1-2: Foul Ball, location: 2F
1-2: Strikes out swinging
Pitching: RHP Dallas White
Pinch Hitting: RHB Mario Cruz 0-0: Called Strike
0-1: Fly out, F7 (Line Drive, 78D, EV 88.8 MPH)
Top of the 6th over - 0 runs, 0 hits, 0 errors, 1 left on base; University of Michigan 0 - Oklahoma State University 1
BOTTOM OF THE 6TH
Oklahoma State University Cowboys batting - Pitching for University of Michigan Wolverines : RHP Adam Timmons
Pitching: LHP Lindsay Adams
Now at C: Don Squire
Now at 2B: Quirino Portel
Now at SS: Mario Cruz
Now in LF: Dakota Kaempf
Batting: RHB Jon Guzman 0-0: Called Strike
0-1: Called Strike
0-2: Fly out, F7 (Flyball, 7LM, EV 95.0 MPH)
Batting: RHB Bill Tremblett 0-0: Called Strike
0-1: Fly out, F7 (Line Drive, 78S, EV 107.5 MPH)
Batting: LHB Jeff Williams 0-0: Called Strike
0-1: Foul Ball, location: 2F
0-2: Ball
1-2: Foul Ball, location: 2F
1-2: Foul Ball, location: 2F
1-2: Foul Ball, location: 2F
1-2: Ball
2-2: Ball
3-2: Fly out, F7 (Flyball, 78M, EV 80.0 MPH)
Bottom of the 6th over - 0 runs, 0 hits, 0 errors, 0 left on base; University of Michigan 0 - Oklahoma State University 1
TOP OF THE 7TH
University of Michigan Wolverines batting - Pitching for Oklahoma State University Cowboys : RHP Dallas White
Batting: RHB Don Squire 0-0: Called Strike
0-1: Ball
1-1: Foul Ball, location: 2F
1-2: Strikes out swinging
Pinch Hitting: RHB Angus Shanahan 0-0: Foul Ball, location: 2F
0-1: Foul Ball, location: 2F
0-2: Ball
1-2: Strikes out swinging
Batting: LHB Murdock Cranton 0-0: Ground out 3-1 (Groundball, 34S, EV 90.6 MPH)
Top of the 7th over - 0 runs, 0 hits, 0 errors, 0 left on base; University of Michigan 0 - Oklahoma State University 1
BOTTOM OF THE 7TH
Oklahoma State University Cowboys batting - Pitching for University of Michigan Wolverines : LHP Lindsay Adams
Pitching: LHP Isaiah Harris
Now at 3B: Angus Shanahan
Batting: RHB Adam Stalder 0-0: Ball
1-0: Fly out, F7 (Flyball, 7, EV 90.6 MPH)
Batting: RHB Jarrod Lind 0-0: Ball
1-0: Ball
2-0: Ball
3-0: Base on Balls
Pinch Hitting: RHB Danny Ramirez 0-0: Ground out 5-3 (Groundball, 56S, EV 68.8 MPH)
Jarrod Lind to second
Pinch Hitting: LHB Kyle David 0-0: Ball
1-0: Foul Ball, location: 2F
1-1: Swinging Strike
1-2: Ball
2-2: Foul Ball, location: 2F
2-2: Ball
3-2: SINGLE (Flyball, 5D, EV 82.5 MPH)
Jarrod Lind to third
Batting: RHB Arabello Demesa 0-0: Ball
1-0: Swinging Strike
Pickoff Throw to First - Out! 1-3
Bottom of the 7th over - 0 runs, 1 hit, 0 errors, 1 left on base; University of Michigan 0 - Oklahoma State University 1
TOP OF THE 8TH
University of Michigan Wolverines batting - Pitching for Oklahoma State University Cowboys : RHP Dallas White
Now at 3B: Danny Ramirez
Now at SS: Jarrod Lind
Now in LF: Ted Currell
Now in CF: Simon Gravitt
Now in RF: Jon Guzman
Batting: RHB Quirino Portel 0-0: Fly out, F8 (Flyball, 8RD, EV 95.6 MPH)
Batting: RHB Gerard Gordijn 0-0: Ground out 6-3 (Groundball, 56S, EV 94.4 MPH)
Batting: LHB Lance Sabo 0-0: Called Strike
0-1: Foul Ball, location: 2F
0-2: Ball
1-2: Strikes out swinging
Top of the 8th over - 0 runs, 0 hits, 0 errors, 0 left on base; University of Michigan 0 - Oklahoma State University 1
BOTTOM OF THE 8TH
Oklahoma State University Cowboys batting - Pitching for University of Michigan Wolverines : LHP Isaiah Harris
Pitching: RHP Dave Bressler
Batting: RHB Arabello Demesa 0-0: Fly out, F7 (Line Drive, 7S, EV 97.5 MPH)
Batting: RHB Ted Currell 0-0: Ball
1-0: Foul Ball, location: 2F
1-1: Called Strike
1-2: SINGLE (Groundball, 23, EV 71.2 MPH) (infield hit)
Batting: RHB Jon Guzman 0-0: Ball
Ted Currell steals 2nd base
1-0: DOUBLE (Line Drive, 3D, EV 105.0 MPH)
Ted Currell scores
Batting: RHB Bill Tremblett 0-0: SINGLE (Line Drive, 8RS, EV 110.0 MPH)
Jon Guzman to third
Batting: LHB Jeff Williams 0-0: Ball
1-0: Foul Ball, location: 2F
1-1: Called Strike
1-2: Foul Ball, location: 2F
1-2: Foul Ball, location: 2F
1-2: Strikes out swinging
Batting: RHB Adam Stalder 0-0: Ball
1-0: Ball
2-0: Ball
3-0: Called Strike
3-1: Base on Balls
Bill Tremblett to second
Batting: RHB Jarrod Lind 0-0: Called Strike
0-1: Called Strike
0-2: Ball
1-2: Ball
2-2: Ball
3-2: Fly out, F7 (Line Drive, 7S, EV 105.0 MPH)
Bottom of the 8th over - 1 run, 3 hits, 0 errors, 3 left on base; University of Michigan 0 - Oklahoma State University 2
TOP OF THE 9TH
University of Michigan Wolverines batting - Pitching for Oklahoma State University Cowboys : RHP Dallas White
Pitching: RHP Jamie Long
Batting: LHB Dakota Kaempf 0-0: Ball
1-0: Called Strike
1-1: Ball
2-1: Ball
3-1: Base on Balls
Batting: SHB Phillip Blake 0-0: Ball
1-0: Called Strike
1-1: Fly out, F9 (Flyball, 9D, EV 90.0 MPH)
Batting: RHB Mario Cruz 0-0: Fielders Choice at 2nd, 3-6 (Groundball, 3, EV 80.6 MPH)
Batting: RHB Don Squire 0-0: Foul Ball, location: 2F
0-1: Called Strike
0-2: Ball
1-2: Fielders Choice at 2nd, 5-4 (Groundball, 5, EV 85.0 MPH)
Top of the 9th over - 0 runs, 0 hits, 0 errors, 1 left on base; University of Michigan 0 - Oklahoma State University 2
Sunday, July 16th , 2023 - OOTP Baseball 24.6 Build 69